AoeStats
← lothal

Arena

510901580Analyzed
4v4 RM · 17h ago on Oct 3, 2026· 40m 50s· 8 players
Game mode
Random Map
Map size
Large (8 player)
Population
200
Speed
Normal
Resources
Standard
Victory
Conquest
Starting age
Dark Age
Ending age
Imperial Age
RankedLock teamsTeams togetherTeam positionsShared explorationLock speedFull tech treeHidden civsTurbo modeCheats
Victory
Defeat
🇯🇵 Varangians · Japan
673
+10
🇨🇱 Romans · Chile
638
+11
593
+13
🇨🇱 Japanese · Chile
583
+14
🇵🇪 Vietnamese · Peru
580
-14
🇮🇩 Byzantines · Indonesia
566
-13
🇲🇽 Romans · Mexico
515
-11
🇨🇳 Wei · China
471
-10
luisxd665
0:35 Loom
16:59 Feudal Age
19:54 Double-Bit Axe
20:36 Horse Collar
20:49 Gold Mining
20:52 Stone Mining
24:07 Castle Age
25:33 Gold Shaft Mining
28:45 Wheelbarrow
28:24 Bow Saw
29:00 Man-at-Arms
29:05 Pikeman
30:27 Ballistas
31:22 Hand Cart
37:13 Imperial Age
36:59 Long Swordsman
Althair
8:39 Loom
10:47 Feudal Age
11:38 Double-Bit Axe
12:03 Horse Collar
15:30 Wheelbarrow
21:10 Castle Age
19:08 Gold Mining
19:10 Stone Mining
23:08 Bow Saw
23:00 Heavy Plow
23:59 Fletching
27:10 Hand Cart
29:28 Murder Holes
36:07 Imperial Age
Elite Savage
Sigit4n
10:12 Feudal Age
8:27 Loom
11:30 Wheelbarrow
11:03 Horse Collar
11:48 Double-Bit Axe
22:07 Castle Age
21:28 Stone Mining
21:35 Gold Mining
23:08 Hand Cart
23:47 Bow Saw
27:34 Treadmill Crane
29:07 Gold Shaft Mining
34:22 Imperial Age
33:11 Stone Shaft Mining
34:29 Squires
33:50 Pikeman
34:55 Heavy Plow
35:39 Forging
lothal
0:31 Loom
15:27 Feudal Age
17:42 Horse Collar
23:25 Castle Age
22:16 Man-at-Arms
25:00 Long Swordsman
27:41 Town Watch
29:04 Double-Bit Axe
31:50 Bow Saw
34:27 Heavy Plow
38:42 Scale Mail Armor
38:53 Forging
41:50 Imperial Age
39:57 Wheelbarrow
39:53 Chain Mail Armor
41:35 Iron Casting
teban0721
10:52 Feudal Age
11:38 Horse Collar
14:40 Castle Age
13:02 Double-Bit Axe
15:59 Bow Saw
20:11 Loom
21:19 Wheelbarrow
22:03 Stone Mining
23:40 Stone Shaft Mining
23:07 Town Watch
24:19 Hand Cart
24:52 Fletching
29:03 Imperial Age
27:21 Gold Mining
28:30 Bodkin Arrow
29:30 Squires
29:32 Padded Archer Armor
29:21 Onager
30:18 Treadmill Crane
30:40 Bracer
30:13 Pikeman
31:27 Forging
31:23 Scale Barding Armor
31:39 Leather Archer Armor
31:25 Scale Mail Armor
32:41 Chemistry
31:45 Heavy Plow
32:39 Bloodlines
32:22 Light Cavalry
33:03 Husbandry
32:24 Cavalier
34:17 Chain Barding Armor
34:19 Conscription
35:12 Iron Casting
35:10 Ring Archer Armor
35:32 Elite Varangian Guard
37:15 Blast Furnace
36:31 Chain Mail Armor
36:53 Plate Barding Armor
37:29 Gothikon
38:38 Elite Jarl
A7NationAshyCouldn'tHoldMeBack
0:39 Loom
12:50 Feudal Age
15:10 Horse Collar
15:16 Double-Bit Axe
20:04 Gold Mining
20:05 Stone Mining
24:08 Castle Age
25:50 Caravan
27:58 Heavy Plow
28:10 Bow Saw
29:44 Wheelbarrow
28:58 Town Watch
31:33 Husbandry
31:44 Bloodlines
31:46 Forging
31:41 Scale Barding Armor
37:58 Imperial Age
38:04 Elite Leitis
38:49 Cavalier
41:59 Iron Casting
Jeshu17hds
8:30 Loom
12:20 Feudal Age
14:20 Wheelbarrow
15:17 Town Watch
16:57 Double-Bit Axe
16:55 Horse Collar
18:15 Man-at-Arms
18:43 Arson
29:04 Castle Age
28:04 Bloodlines
30:15 Hand Cart
31:38 Caravan
31:56 Pikeman
31:58 Long Swordsman
32:01 Crossbowman
32:04 Elite Skirmisher
32:47 Squires
34:46 Treadmill Crane
35:01 Murder Holes
38:39 Husbandry
39:15 Ballistics
40:04 Yasama
Connection lost

Rejoining the realm…

Still unreachable

The connection could not be restored.

Session expired

The server has moved on; the page needs a fresh start.